 Seeded DCSS version 0.30.0-30-g96aa6591b8 (webtiles) character file.

Game seed: 9635399671560706667 (custom seed)

78 CInkIbrahim the Shooter (level 4, 24/33 HPs)
             Began as a Demonspawn Hunter on June 29, 2023.
             Quit the game on level 2 of the Dungeon.
             The game lasted 00:02:20 (983 turns).

CInkIbrahim the Shooter (Demonspawn Hunter)          Turns: 983, Time: 00:02:21

Health: 24/33      AC:  3    Str: 11    XL:     4   Next: 15%
Magic:  4/4        EV: 12    Int: 13    God:
Gold:   50         SH:  0    Dex: 18    Spells: 3/3 levels left

rFire   . . .        a - +0 shortbow
rCold   . . .        (shield currently unavailable)
rNeg    + . .        i - +0 leather armour {rN+}
rPois   .            (helmet restricted)
rElec   .            (no cloak)
rCorr   .            (no gloves)
SInv    .            (no boots)
Will    .....        (no amulet)
Stlth   ++           (no ring)
HPRegen 0.25/turn    (no ring)
MPRegen 0.09/turn

%: no passive effects
@: no status effects
A: antennae 1, demonic guardian 1, big brain 1
a: no special abilities


You were on level 2 of the Dungeon.
You visited 1 branch of the dungeon, and saw 2 of its levels.

You collected 50 gold pieces.

Inventory:

Hand Weapons
 a - a +0 shortbow (weapon)
Missiles
 k - 3 poisoned darts
Armour
 c - a +0 leather armour
 i - a +0 leather armour of positive energy (worn)
Scrolls
 b - 2 scrolls of immolation
 d - a scroll of enchant weapon {unknown}
 e - a scroll of poison {unknown}
 h - 4 scrolls of identify {unknown}
 j - a scroll of teleportation {unknown}
 l - a scroll of fear {unknown}
Potions
 f - 3 potions of might {unknown}
 g - a potion of lignification {unknown}
 m - a potion of berserk rage {unknown}


   Skills:
 - Level 2.0 Fighting
 + Level 5.2 Ranged Weapons
 - Level 1.7 Dodging
 - Level 0.8 Stealth


You had 3 spell levels left.
You didn't know any spells.
Your spell library contained the following spells:

 Spells                   Type           Power      Damage    Failure   Level
 Freeze                   Ice            0%         1d3       38%         1
 Sandblast                Erth           0%         2d4       38%         1
 Passwall                 Tmut/Erth      0%         N/A       52%         2
 Frozen Ramparts          Ice            0%         1d1       77%         3
 Hailstorm                Conj/Ice       0%         3d3       77%         3
 Stone Arrow              Conj/Erth      0%         3d7       77%         3
 Summon Guardian Golem    Hex/Summ       0%         N/A       77%         3
 Blade Hands              Tmut           0%         N/A       100%        5
 Summon Mana Viper        Hex/Summ       0%         N/A       100%        5
 Storm Form               Tmut/Air       0%         N/A       100%        7


Dungeon Overview and Level Annotations

Branches:
Dungeon (2/15)

Altars:


Innate Abilities, Weirdness & Mutations

You have a pair of small antennae on your head.
A weak demonic guardian rushes to your aid.
You have an unusually large brain. (Int +2)


Message History

You kill the endoplasm!
Found a stone staircase leading down.
No target in view!
A kobold comes into view. It is wielding a +0 short sword.
Found a scroll labelled RYPHEW HORUGAEMP.
The kobold shouts!
You shoot an arrow. The arrow closely misses the kobold.
A kobold is nearby!
You shoot an arrow. The arrow misses the kobold.
A kobold is nearby!
You shoot an arrow. The arrow hits the kobold.
You kill the kobold!
h - 4 scrolls labelled RYPHEW HORUGAEMP (gained 1)
Found an escape hatch in the ceiling.
No target in view!
Found a stone staircase leading down.
No target in view!
Jessica the Apprentice Sorceress comes into view.
She is wielding a +1 dagger of venom and carrying a wand of flame (8).
You shoot an arrow. The arrow hits Jessica.
Jessica is severely wounded.
Jessica is nearby!
You shoot an arrow. The arrow hits Jessica.
Jessica is almost dead.
Jessica zaps a wand.
The puff of flame misses you.
Jessica is nearby!
You shoot an arrow.
The arrow hits Jessica but does no damage.
Jessica is almost dead.
Jessica zaps a wand.
The puff of flame hits you.
A demonic guardian appears!
Jessica is nearby!
You shoot an arrow. The arrow barely misses Jessica.
Jessica zaps a wand.
The puff of flame hits you.
Jessica is nearby!
You shoot an arrow. The arrow hits Jessica.
You kill Jessica!
Your Ranged Weapons skill increases to level 5!
You have reached level 4!
You feel clever.
Your demonic ancestry asserts itself...
A pair of antennae grows on your head!
Are you sure you want to abandon this character and quit the game? (Confirm with "yes".)

..# ##.## ##.).##
..... ####...
#..>..## #......#
#...5@.# #......#
#+# #.....## #.#
###.### #####.#####
#.# #.........# #.#
####.##...##.# #.#
#..........#.##
#.####.###<#.......)
#......# #....###.##


You could see a friendly ufetubus (summoned).

Vanquished Creatures
  Jessica (D:2)
  Robin (D:2)
  An adder (D:2)
  2 bats (D:1)
  2 endoplasms (D:2)
  A giant cockroach (D:1)
  9 goblins
  5 hobgoblins (D:2)
  3 kobolds
  A frilled lizard (D:1)
  3 rats
29 creatures vanquished.

Vanquished Creatures (collateral kills)
  A goblin (D:2)
1 creature vanquished.

Grand Total: 30 creatures vanquished

Notes
Turn   | Place    | Note
-------+----------+-------------------------------------------
     0 | D:1      | CInkIbrahim the Demonspawn Hunter began the quest for the
                  | Orb.
     0 | D:1      | Reached XP level 1. HP: 16/16 MP: 1/1
    45 | D:1      | Got the Meditations on Fluctuating Bad Luck
   277 | D:1      | Reached skill level 4 in Ranged Weapons
   278 | D:1      | Gained mutation: A weak demonic guardian rushes to your
                  | aid. [demonic ancestry]
   278 | D:1      | Reached XP level 2. HP: 19/22 MP: 2/2
   711 | D:2      | Noticed Robin
   731 | D:2      | Gained mutation: You have an unusually large brain. (Int
                  | +2) [demonic ancestry]
   731 | D:2      | Reached XP level 3. HP: 27/27 MP: 3/3
   744 | D:2      | Killed Robin
   977 | D:2      | Noticed Jessica
   982 | D:2      | Killed Jessica
   983 | D:2      | Reached skill level 5 in Ranged Weapons
   983 | D:2      | Gained mutation: You have a pair of small antennae on your
                  | head. [demonic ancestry]
   983 | D:2      | Reached XP level 4. HP: 24/33 MP: 4/4
   983 | D:2      | Quit the game

Illustrated notes

Levels and vault maps discovered:
D:1:      roderic_octagonal_star, layout_loops_cross
D:2:      layout_loops_corners, uniq_jessica, uniq_natasha, uniq_robin

Skill      XL: |  1  2  3 |
---------------+----------+-----
Ranged Weapons | 4 5 |  5.2
Fighting       | |  2.0
Dodging        | |  1.7
Stealth        | |  0.8

Action                     |  1- 3 |  4- 6 || total
---------------------------+-------+-------++-------
   Fire: Shortbow          |    68 |       ||    68
 Armour: Leather armour    |     4 |       ||     4
  Dodge: Dodged            |    23 |       ||    23
